 Dungeon Crawl Stone Soup version 0.20-a0-972-gb9bd3e6 (console) character file.

696592 vuev the Axe Maniac (level 27, -4/273 HPs)
             Began as a Minotaur Berserker on Apr 9, 2017.
             Was the Champion of Trog.
             Slain by Zueleur the pandemonium lord (20 damage)
             ... on level 4 of the Realm of Zot.
             The game lasted 03:45:12 (76211 turns).

vuev the Axe Maniac (Minotaur Berserker)           Turns: 76211, Time: 03:45:13

Health: -4/273     AC: 58    Str: 24 (25) XL:     27
Magic:  0/11       EV: 31    Int:  4      God:    Trog [******]
Gold:   5267       SH:  0    Dex: 20      Spells: 26/26 levels left

rFire    . . .     SeeInvis .   g - +9 executioner's axe (antimagic)
rCold    . . .     Gourm    .   (shield currently unavailable)
rNeg     + . .     Faith    +   u - +14 crystal plate armour
rPois    .         Spirit   .   (helmet restricted)
rElec    +         Reflect  .   F - +0 cloak "Neggeoqa" {*Drain +Blink rN+}
rCorr    .         Harm     .   A - +0 pair of gloves
MR       +++..                  C - +2 pair of boots
Stlth    ..........             b - amulet "Ojoclic" {Faith rElec}
Regen    0.6/turn               q - ring of Shaolin {EV+8}
MPRegen  0.2/turn               Q - ring "Higeshav" {+Fly rElec MR+ Stlth+}

@: no status effects
A: retaliatory headbutt, horns 2, thin metallic scales 1, thin skeletal
structure 1, yellow scales 1, clumsy 1, deterioration 1, sense surroundings 1,
shaggy fur 1
0: Orb of Zot
}: 3/15 runes: decaying, serpentine, silver
a: Berserk, Trog's Hand, Brothers in Arms, Burn Spellbooks, Renounce Religion,
Evoke Blink, Evoke Flight


You were on level 4 of the Realm of Zot.
You worshipped Trog.
Trog was exalted by your worship.
You were very hungry.

You visited 10 branches of the dungeon, and saw 52 of its levels.
You visited 1 bazaar.
You also visited: Labyrinth.

You collected 7866 gold pieces.
You spent 2599 gold pieces at shops.

Inventory:

Hand Weapons
 g - a +9 antimagic executioner's axe (weapon)
 o - a +9 executioner's axe of electrocution
Armour
 k - the +0 cloak of Patterns {rC++ rCorr}
   (You found it on level 5 of the Vaults)

   It greatly protects you from cold.
   It protects you from acid and corrosion.
 u - a +14 crystal plate armour (worn)
 A - a +0 pair of gloves (worn)
 C - a +2 pair of boots (worn)
 F - the +0 cloak "Neggeoqa" (worn) {*Drain +Blink rN+}
   (You bought it in a shop on level 3 of the Vaults)

   It protects you from negative energy.
   It lets you blink.
   It causes draining when unequipped.
Jewellery
 b - the amulet "Ojoclic" (around neck) {Faith rElec}
   (You acquired it on level 3 of the Lair of Beasts)

   [amulet of faith]

   It allows you to gain divine favour quickly.
   It insulates you from electricity.
 i - the ring of the Present {Fire MR+ Int+2 SInv}
   (You found it on level 3 of the Depths)

   [ring of fire]

   It enhances your fire magic.
   It affects your intelligence (+2).
   It protects you from fire.
   It makes you vulnerable to cold.
   It affects your resistance to hostile enchantments.
   It lets you see invisible.
 q - the ring of Shaolin (left hand) {EV+8}
   (You found it on level 2 of the Crypt)

   [ring of evasion]

   It affects your evasion (+8).
 v - a +4 ring of evasion
 y - the ring of Insomnia {Fire MR+++ Dex+4 Stlth-}
   (You found it on level 5 of the Vaults)

   [ring of fire]

   It enhances your fire magic.
   It affects your dexterity (+4).
   It protects you from fire.
   It makes you vulnerable to cold.
   It affects your resistance to hostile enchantments.
   It makes you less stealthy.
 E - a +5 ring of strength
 Q - the ring "Higeshav" (right hand) {+Fly rElec MR+ Stlth+}
   (You took it off a deep elf annihilator on level 3 of the Elven Halls)

   [ring of stealth]

   It insulates you from electricity.
   It affects your resistance to hostile enchantments.
   It lets you fly.
   It makes you more stealthy.
 S - a +5 ring of dexterity
 Y - the ring of Ohacve {Ice Str+2 Dex+4}
   (You found it on level 3 of the Crypt)

   [ring of ice]

   It enhances your ice magic.
   It affects your strength (+2).
   It affects your dexterity (+4).
   It makes you vulnerable to fire.
   It protects you from cold.
Wands
 a - a wand of digging (14/24)
 l - a wand of acid (0/15)
 p - a wand of clouds (2/9)
 z - a wand of paralysis (5/24)
 K - a wand of digging (8/24)
 L - a wand of digging (12/24)
 R - a wand of paralysis (15/24)
 T - a wand of digging (11/24)
 Z - a wand of acid (13/15)
Scrolls
 e - 2 scrolls of brand weapon
 f - 10 scrolls of teleportation
 h - 6 scrolls of recharging
 t - 37 scrolls of identify
 w - 4 scrolls of blinking
 H - 2 scrolls of holy word
 I - 11 scrolls of remove curse
 N - 8 scrolls of fog
 P - 3 scrolls of summoning
 U - 10 scrolls of fear
 W - 6 scrolls of magic mapping
 X - 4 scrolls of enchant armour
Potions
 m - 10 potions of mutation
 s - 22 potions of curing
 x - 3 potions of invisibility
 B - 5 potions of haste
 D - 2 potions of resistance
 G - 17 potions of flight
 J - 4 potions of might
 M - 5 potions of cancellation
 V - 6 potions of agility
Comestibles
 c - 13 bread rations
 j - 26 meat rations
 r - 16 royal jellies
 O - 6 fruits


   Skills:
 O Level 27 Fighting
 O Level 27 Axes
 O Level 27 Armour
 O Level 27 Dodging
 + Level 15.7 Evocations


You had 26 spell levels left.
You didn't know any spells.

Dungeon Overview and Level Annotations

Branches:
Dungeon (15/15)            Temple (0/1) D:4            Lair (6/6) D:11
  Swamp (4/4) Lair:2        Snake (4/4) Lair:4        Slime (0/5) Lair:6
    Orc (2/2) D:10            Elf (3/3) Orc:2        Vaults (5/5) D:14
  Crypt (3/3) Vaults:3       Tomb (0/3) Crypt:3      Depths (5/5) D:15
    Zot (5/5) Depths:5

Altars:
Kikubaaqudgha
Makhleb
Sif Muna
The Shining One
Jiyva

Shops:
D:5 }   D:12 (   Orc:2 [(:=   Elf:2 %   Elf:3 [   Vaults:3 [   Vaults:4 ?(
Vaults:5 %????%!%   Depths:3 }}=

Portals:
Hell: Depths:1 Depths:2 Depths:3 Depths:4 Depths:5
Abyss: Depths:4 Depths:5
Pandemonium: Depths:3 Depths:5
Ziggurat: Depths:4

Annotations:
D:10 exclusion: oklob plant
Lair:6 1 runed door


Innate Abilities, Weirdness & Mutations

You reflexively headbutt those who attack you in melee.
You have a pair of horns on your head.
You are partially covered in thin metallic scales. (AC +2)
You have a somewhat thin skeletal structure. (Dex +2, Stealth)
You are partially covered in yellow scales. (AC +2)
You are clumsy. (Dex -2)
Your body sometimes deteriorates upon taking damage.
You passively map a small area around you.
You are covered in fur. (AC +1)


Message History

Zueleur hits you but does no damage.
You see here a glowing battleaxe {god gift}.
Your cyclops hits the tentacled monstrosity.
Zueleur hits you but does no damage. Zueleur closely misses you.
Okay, then.
Your cyclops hits the tentacled monstrosity!!!
Zueleur completely misses you. Zueleur hits you!
* * * LOW HITPOINT WARNING * * *
You feel your power leaking away. Zueleur hits you!!
* * * LOW HITPOINT WARNING * * *
You see here a wand of digging (?/24).
Your blink will be uncontrolled - continue anyway?
The Orb prevents control of your translocation!
You blink.
As you read the scroll of blinking, it crumbles to dust.
Zueleur hits you!!
You die...

#...........#
#..##..##..##''.#
...........##
##..##..#."###..#
..........##
##..##..#.###...#
##.......##
#.)##..#####..#.#
#...))..##
#..##..# ##.....#
...#)<.##
##..#.[###..##..#
....).##
##..#=###.......#
.....##
#C.#####...#....#
##..## #X@#
##...#.#)).# #..##
#&.###..#..#)#..#
..##
#ยง###...#..)#..)#
.##
####..#.........#
## #.........(.(.#
# ###############


You could see Zueleur, a tentacled monstrosity and a friendly cyclops (berserk).

Vanquished Creatures
  Tiamat (Zot:1)
  2 orbs of fire (Zot:5)
  Mara (Crypt:2)
  Mennas (Vaults:5)
  A juggernaut (Depths:4)
  4 ancient liches
  Sojobo (Crypt:1)
  Boris (Vaults:5)
  Saint Roka (Crypt:3)
  A caustic shrike (Depths:4)
  Xtahua (Vaults:3)
  3 curse toes (Zot:4)
  3 Killer Klowns
  12 golden dragons
  Nikola (Depths:1)
  Jory (Crypt:1)
  2 bone dragons
  the Enchantress (Depths:5)
  3 electric golems (Zot:5)
  Jorgrun (Elf:3)
  11 liches
  23 Orb Guardians (Zot:5)
  The ghost of vuev the Minotaur Blade, an adept MiBe of Trog (Snake:4)
  The ghost of Dirtsage the Fencer, an adept FoFi of Wu Jian (Depths:2)
  8 quicksilver dragons
  3 deep elf blademasters (Elf:3)
  4 titans (Vaults:5)
  18 tentacled monstrosities
  2 deep elf master archers (Elf:3)
  6 sphinxes
  5 ancient champions
  The ghost of Lifeless the Severer, an adept DsGl of Okawaru (Swamp:4)
  8 tengu reavers
  25 storm dragons
  10 death cobs
  9 shadow dragons
  A thorn hunter (Swamp:4)
  6 nagarajas
  Donald (Elf:3)
  7 draconian monks
  A revenant (Crypt:2)
  4 frost giants
  7 draconian scorchers
  12 fire giants
  4 ghost moths
  Louise (Elf:3)
  12 vault wardens
  An iron dragon (Vaults:5)
  4 ghouls
  6 deep elf sorcerers
  A balrug (Depths:4)
  5 curse skulls
  11 draconian knights
  9 draconian stormcallers
  4 draconian shifters
  6 deep elf elementalists
  An orc warlord (Orc:1)
  A cacodemon (Depths:3)
  9 draconian annihilators
  A caustic shrike zombie (Depths:3)
  15 ironheart preservers
  3 spriggan defenders (Depths:5)
  12 very ugly things
  2 entropy weavers (Vaults:3)
  11 war gargoyles
  3 reapers (Depths:3)
  8 deep elf annihilators
  Nessos (Lair:5)
  19 green draconians
  6 black draconians
  19 stone giants
  21 white draconians
  8 deep elf demonologists
  3 vampire knights
  19 yellow draconians
  20 purple draconians
  14 red draconians
  4 spark wasps
  4 eidola
  3 green deaths
  Snorg (Lair:5)
  12 deep elf death magi
  13 ettins
  A minotaur (Lab)
  A merfolk javelineer (Depths:5)
  9 fire dragons
  8 great orbs of eyes
  4 deep elf high priests
  5 jiangshi
  19 yaktaur captains
  44 vault guards
  2 ghost crabs (Swamp:4)
  16 hydras
  2 spriggan air magi
  A catoblepas (Lair:6)
  38 two-headed ogres
  11 ice dragons
  20 naga warriors
  22 anacondas
  Erica (D:9)
  8 centaur warriors
  14 ogre magi
  6 deep troll shamans
  9 death yaks
  9 alligators
  6 vampire magi
  23 dancing weapons
  10 deep troll earth magi
  5 orc high priests
  8 tengu warriors
  4 spriggan berserkers
  11 shock serpents
  14 naga sharpshooters
  A soul eater (Crypt:1)
  31 deep elf knights
  2 sun demons (Depths:4)
  A shadow wraith (Crypt:3)
  3 glowing orange brains
  17 hell knights
  3 iron trolls
  47 skeletal warriors
  A quicksilver dragon simulacrum (Crypt:2)
  An unseen horror (shapeshifter) (Vaults:3)
  An anaconda zombie (Crypt:1)
  7 salamander mystics
  32 deep trolls
  A golden dragon zombie (Depths:3)
  A torturous demonspawn (Depths:3)
  A flayed ghost (Vaults:5)
  2 spriggan druids
  A wizard (Depths:1)
  4 shambling mangroves
  3 swamp dragons
  2 unseen horrors
  3 spectral hydras (Swamp:4)
  8 naga ritualists
  21 orc knights
  5 lindwurms
  2 wolf spider zombies
  2 anaconda skeletons
  26 deep elf archers
  An iron giant skeleton (Crypt:1)
  64 deep elf magi
  11 phantasmal warriors
  2 harpies (shapeshifter)
  An iron dragon zombie (Crypt:1)
  19 ironbrand convokers
  9 necromancers
  2 fire giant zombies
  42 ugly things
  10 harpies
  3 wolf spiders (Vaults:2)
  A sphinx zombie (Depths:3)
  2 shadow dragon skeletons
  19 mana vipers
  6 orc sorcerers
  5 cyclopes
  A manticore (shapeshifter) (Depths:2)
  7 elephants (Lair:6)
  13 salamanders
  A shock serpent zombie (Crypt:2)
  36 moths of wrath
  26 naga magi
  A guardian serpent (shapeshifter) (Vaults:3)
  A frost giant skeleton (Depths:3)
  A dire elephant zombie (Crypt:2)
  Joseph (D:7)
  2 rust devils (Depths:3)
  A centaur zombie (D:13)
  10 guardian serpents
  7 smoke demons
  40 black mambas
  A spiny frog (shapeshifter) (Depths:2)
  A torpor snail (Lair:5)
  20 vault sentinels
  7 gargoyles
  17 spiny frogs
  A yellow draconian zombie (Crypt:2)
  2 storm dragon simulacra
  2 small abominations (Elf:3)
  2 kobold demonologists (D:14)
  An efreet (D:13)
  9 freezing wraiths
  8 komodo dragons
  A rime drake (Lair:3)
  70 yaktaurs
  A death yak skeleton (Crypt:2)
  3 hydra zombies (Swamp:4)
  A queen ant zombie (Crypt:1)
  4 guardian mummies (Crypt:3)
  3 tengu conjurers
  A komodo dragon (shapeshifter) (Vaults:2)
  5 red devils
  A hellwing (Depths:3)
  A queen bee (shapeshifter) (Vaults:1)
  6 tyrant leeches
  2 polar bears (Lair:6)
  A hornet (shapeshifter) (Vaults:2)
  15 trolls
  2 meliai (D:13)
  Prince Ribbit (D:7)
  28 hornets
  A slime creature (shapeshifter) (Vaults:5)
  Grinder (D:4)
  11 bog bodies
  A dream sheep (shapeshifter) (Vaults:3)
  52 slime creatures
  A blink frog (shapeshifter) (Vaults:1)
  A meliai zombie (D:11)
  A tyrant leech (shapeshifter) (Depths:2)
  A raiju (shapeshifter) (Depths:5)
  A hydra skeleton (Crypt:3)
  A minotaur skeleton (Lab)
  7 blink frogs
  4 alligator zombies (Swamp:4)
  An ettin zombie (Crypt:3)
  4 flying skulls (Crypt:1)
  7 hippogriffs
  A tarantella (Vaults:3)
  2 redbacks (shapeshifter)
  2 spriggans (shapeshifter)
  11 spriggans
  Sigmund (D:2)
  8 water elementals
  8 air elementals
  4 shadows
  An ettin skeleton (Crypt:3)
  A redback (Vaults:3)
  2 vampires
  2 ice dragon skeletons
  9 wraiths
  2 humans (shapeshifter) (Depths:2)
  25 yaks
  3 wyverns
  2 basilisks (D:13)
  4 fire elementals
  A black mamba skeleton (Crypt:1)
  A neqoxec (Depths:5)
  5 hungry ghosts
  32 vampire mosquitoes
  Menkaure (D:7)
  3 acid dragons
  4 wargs
  43 nagas
  31 insubstantial wisps
  16 swamp worms
  14 water moccasins
  5 ice beasts
  34 orc warriors
  7 porcupines
  5 swamp drakes
  4 black bears
  A manticore zombie (Crypt:1)
  36 ogres
  7 phantoms
  4 swamp dragon zombies (Swamp:4)
  A blink frog skeleton (Crypt:2)
  19 centaurs
  3 necrophages
  2 ogres (shapeshifter)
  13 boggarts
  A snapping turtle skeleton (Crypt:3)
  17 wolves
  A hog skeleton (Crypt:1)
  6 crocodiles
  Blork the orc (D:15)
  2 elf zombies (Crypt:1)
  18 bullfrogs
  A wyvern skeleton (D:13)
  3 earth elementals
  A scorpion (D:12)
  6 killer bees (D:8)
  10 wights (Crypt:1)
  A spriggan skeleton (Crypt:3)
  A howler monkey (D:9)
  3 electric eels
  9 crimson imps
  2 bullfrog zombies
  4 quasits
  Crazy Yiuf (D:2)
  3 hounds
  5 human zombies (Crypt:1)
  17 orc priests
  3 jellies
  33 orc wizards
  A bullfrog skeleton (D:10)
  2 iron imps
  Jessica (D:2)
  5 iguanas
  Terence (D:2)
  7 worker ants
  Natasha (thrice) (D:2)
  3 spectral swamp drakes (Swamp:4)
  An acid dragon zombie (Crypt:2)
  A killer bee zombie (D:6)
  A dwarf zombie (Crypt:1)
  A crocodile skeleton (Crypt:1)
  A tengu zombie (Crypt:2)
  A deep dwarf skeleton (Crypt:1)
  A felid skeleton (Crypt:1)
  A hound skeleton (D:4)
  11 mummies
  2 worker ant zombies
  4 gnolls
  14 adders
  5 shadow imps
  4 white imps
  3 ufetubi
  An ooze (D:3)
  A worm (D:2)
  A dart slug (D:1)
  8 leopard geckos
  127 orcs
  3 ball pythons (Lair:4)
  5 bats
  5 giant cockroaches
  6 goblins
  6 hobgoblins
  19 jackals
  6 quokkas
  A ball python skeleton (D:5)
  9 frilled lizards
  A jackal skeleton (D:9)
  12 kobolds
  2 orc skeletons (Crypt:1)
  An orc zombie (Crypt:1)
  2 quokka zombies
  10 rats
  2 crawling corpses (Elf:3)
  2 fungi (Lair:6)
  A plant (Lair:6)
2564 creatures vanquished.

Vanquished Creatures (collateral kills)
  An orb of fire (Zot:5)
  A quicksilver dragon (Zot:5)
  A deep elf sorcerer (Elf:3)
  An orc warlord (Elf:3)
  2 draconian annihilators (Zot:2)
  A deep elf demonologist (Elf:3)
  A deep elf annihilator (Elf:3)
  A green draconian (Zot:2)
  A red draconian (Zot:5)
  An ettin (Vaults:5)
  A yellow draconian (Zot:2)
  A yaktaur captain (Vaults:5)
  2 great orbs of eyes
  A fire dragon (Vaults:1)
  An ogre mage (Vaults:1)
  A ghost crab (Swamp:4)
  A two-headed ogre (Vaults:1)
  A deep troll earth mage (Vaults:1)
  A naga sharpshooter (Snake:1)
  6 deep elf knights
  2 deep trolls (Elf:3)
  3 deep elf archers
  A naga ritualist (Snake:4)
  An orc knight (Elf:3)
  A deep elf mage (Elf:3)
  An ugly thing (Vaults:1)
  A black mamba (Snake:4)
  A freezing wraith (Vaults:5)
  2 yaktaurs (Vaults:5)
  A meliai (D:13)
  2 spectral swamp dragons (Swamp:4)
  Grum (D:9)
  A golden eye (shapeshifter) (Vaults:1)
  An insubstantial wisp (Swamp:4)
  A phantom (Swamp:4)
  3 orc wizards (D:10)
  An orc priest (Vaults:5)
  3 orcs
54 creatures vanquished.

Vanquished Creatures (others)
  A golden dragon (Depths:5)
  A war gargoyle (Vaults:5)
  A necromancer (Depths:4)
  A moth of wrath (Zot:5)
  An orc warrior (Crypt:3)
  A boggart (Vaults:1)
  An orc priest (Orc:2)
  A jelly (shapeshifter) (Elf:3)
  An orc wizard (Orc:2)
  4 fungi
  8 plants
  40 withered plants (Crypt:3)
61 creatures vanquished.

Grand Total: 2679 creatures vanquished

Notes
Turn   | Place    | Note
-------+----------+-------------------------------------------
     0 | D:1      | vuev the Minotaur Berserker began the quest for the Orb.
     0 | D:1      | Reached XP level 1. HP: 19/19 MP: 0/0
    91 | D:1      | Reached XP level 2. HP: 17/27 MP: 1/1
   367 | D:1      | Reached XP level 3. HP: 28/33 MP: 2/2
   857 | D:2      | Noticed Terence
   863 | D:2      | Killed Terence
   863 | D:2      | Reached XP level 4. HP: 41/41 MP: 3/3
   950 | D:2      | Noticed Jessica
   955 | D:2      | Killed Jessica
   955 | D:2      | Reached ** piety under Trog
   955 | D:2      | Reached skill level 5 in Axes
  1065 | D:2      | Noticed Natasha
  1073 | D:2      | Killed Natasha
  1131 | D:2      | Noticed Natasha
  1136 | D:2      | Killed Natasha
  1136 | D:2      | Reached skill level 5 in Fighting
  1136 | D:2      | Reached XP level 5. HP: 33/48 MP: 4/4
  1201 | D:2      | Noticed Natasha
  1207 | D:2      | Killed Natasha
  1246 | D:2      | Noticed Sigmund
  1261 | D:2      | Killed Sigmund
  1261 | D:2      | Reached XP level 6. HP: 56/56 MP: 5/5
  1723 | D:2      | Found a runed door.
  1727 | D:2      | Noticed Crazy Yiuf
  1736 | D:2      | Killed Crazy Yiuf
  2183 | D:3      | Reached XP level 7. HP: 59/62 MP: 6/6
  2338 | D:3      | Reached *** piety under Trog
  2509 | D:4      | Noticed Grinder
  2510 | D:4      | Paralysed by Grinder for 6 turns
  2537 | D:4      | Killed Grinder
  2778 | D:4      | Found a staircase to the Ecumenical Temple.
  2946 | D:5      | Entered Level 5 of the Dungeon
  3159 | D:5      | Reached XP level 8. HP: 71/71 MP: 7/7
  3163 | D:5      | Reached skill level 5 in Armour
  3346 | D:5      | Found Xievejan's Gadget Emporium.
  3596 | D:6      | Found a burning altar of Makhleb.
  3812 | D:6      | Reached **** piety under Trog
  4051 | D:6      | Reached skill level 10 in Axes
  4300 | D:6      | Gained mutation: You are partially covered in thin metallic scales. (AC +2) [potion of mutation]
  4300 | D:6      | Gained mutation: You are partially covered in yellow scales. (AC +2) [potion of mutation]
  4300 | D:6      | Gained mutation: You evolve. [potion of mutation]
  4465 | D:7      | Noticed Joseph
  4478 | D:7      | Killed Joseph
  4478 | D:7      | Reached XP level 9. HP: 79/79 MP: 8/8
  4578 | D:7      | Noticed Prince Ribbit
  4611 | D:7      | Noticed Menkaure
  4618 | D:7      | Killed Menkaure
  4699 | D:7      | Noticed a two-headed ogre
  4715 | D:7      | Killed a two-headed ogre
  4872 | D:7      | Killed Prince Ribbit
  5045 | D:8      | Reached ***** piety under Trog
  5161 | D:8      | Reached XP level 10. HP: 90/90 MP: 9/9
  5484 | D:8      | Noticed a two-headed ogre
  5629 | D:8      | Killed a two-headed ogre
  5855 | D:9      | Noticed Grum
  5885 | D:9      | Killed Grum
  6227 | D:9      | Noticed Erica
  6243 | D:9      | Killed Erica
  6398 | D:9      | Noticed a two-headed ogre
  6413 | D:9      | Killed a two-headed ogre
  6805 | D:10     | Entered Level 10 of the Dungeon
  7048 | D:10     | Found a glowing golden altar of the Shining One.
  7050 | D:10     | Noticed a gargoyle
  7054 | D:10     | Killed a gargoyle
  7054 | D:10     | Received a gift from Trog
  7120 | D:10     | Noticed an oklob plant
  7317 | D:10     | Reached XP level 11. HP: 99/99 MP: 10/10
  7398 | D:10     | Reached skill level 10 in Armour
  7539 | D:10     | Found a staircase to the Orcish Mines.
  7692 | D:11     | Found a labyrinth entrance.
  7701 | Lab      | Entered a labyrinth
  7728 | Lab      | Reached skill level 10 in Fighting
  8413 | Lab      | Gained mutation: You have a somewhat thin skeletal structure. (Dex +2, Stealth) [evolution]
  8734 | Lab      | Noticed a minotaur
  8741 | Lab      | Killed a minotaur
  8741 | Lab      | Reached skill level 15 in Axes
  8863 | D:11     | Noticed an eight-headed hydra
  8876 | D:11     | Killed a ten-headed hydra
  9386 | D:11     | Found a staircase to the Lair.
  9642 | Lair:1   | Entered Level 1 of the Lair of Beasts
  9681 | Lair:1   | You fall through a shaft!
  9733 | Lair:1   | Received a gift from Trog
 10643 | Lair:2   | Reached XP level 12. HP: 62/110 MP: 11/11
 10891 | Lair:2   | Found a staircase to the Swamp.
 11087 | Lair:2   | Noticed a five-headed hydra
 11101 | Lair:2   | Killed a ten-headed hydra
 12343 | Lair:3   | Identified a scroll of acquirement
 12346 | Lair:3   | Got a coiled steel amulet
 12347 | Lair:3   | Identified the amulet "Ojoclic" {Faith rElec} (You acquired it on level 3 of the Lair of Beasts)
 12405 | Lair:4   | Found a staircase to the Snake Pit.
 12449 | Lair:4   | Received a gift from Trog
 13006 | Lair:5   | Noticed an eight-headed hydra
 13015 | Lair:5   | Reached skill level 5 in Dodging
 13023 | Lair:5   | Killed a ten-headed hydra
 13310 | Lair:5   | Noticed Snorg
 13323 | Lair:5   | Killed Snorg
 13606 | Lair:5   | Noticed an eight-headed hydra
 13617 | Lair:5   | Killed a 12-headed hydra
 13863 | Lair:5   | Noticed Nessos
 14086 | Lair:5   | Killed Nessos
 14086 | Lair:5   | Reached XP level 13. HP: 118/118 MP: 12/12
 14336 | Lair:6   | Entered Level 6 of the Lair of Beasts
 15350 | Lair:6   | Received a gift from Trog
 15387 | Lair:6   | Found a runed door.
 15388 | Lair:6   | Found a viscous altar of Jiyva.
 15390 | Lair:6   | Found a staircase to the Slime Pits.
 15391 | Lair:6   | Noticed an acid blob
 15420 | Lair:6   | Gained mutation: You are covered in fur. (AC +1) [evolution]
 16786 | Orc:1    | Entered Level 1 of the Orcish Mines
 16936 | Orc:1    | Reached skill level 15 in Armour
 16936 | Orc:1    | Reached XP level 14. HP: 129/130 MP: 13/13
 16956 | Orc:1    | Received a gift from Trog
 17177 | Orc:1    | Noticed an orc warlord
 17186 | Orc:1    | Killed an orc warlord
 17321 | Orc:2    | Entered Level 2 of the Orcish Mines
 17489 | Orc:2    | Found a staircase to the Elven Halls.
 17570 | Orc:2    | Received a gift from Trog
 17723 | Orc:2    | Paralysed by an orc sorcerer for 2 turns
 18688 | Orc:2    | Found Zaufaun's Book Shop.
 18688 | Orc:2    | Found Gofigeaf's Jewellery Shoppe.
 18692 | Orc:2    | Found Edwai's Antique Armour Shop.
 18692 | Orc:2    | Found Ahen's Weapon Shoppe.
 18740 | Orc:2    | Noticed a stone giant
 18752 | Orc:2    | Killed a stone giant
 19202 | D:12     | Received a gift from Trog
 19289 | D:12     | Reached ****** piety under Trog
 19707 | D:12     | Found Keexeumn's Weapon Boutique.
 19968 | D:13     | Received a gift from Trog
 20754 | D:14     | Gained mutation: Your body sometimes deteriorates upon taking damage. [evolution]
 20886 | D:14     | Reached XP level 15. HP: 135/139 MP: 4/14
 20901 | D:14     | Reached skill level 15 in Fighting
 20999 | D:14     | Found a gate to the Vaults.
 21362 | D:15     | Entered Level 15 of the Dungeon
 21663 | D:15     | Noticed Blork the orc
 21789 | D:15     | Killed Blork the orc
 21801 | D:15     | Found a deep blue altar of Sif Muna.
 22518 | D:15     | Found a staircase to the Depths.
 22617 | D:15     | Found a glowing golden altar of the Shining One.
 22955 | Snake:1  | Entered Level 1 of the Snake Pit
 23021 | Snake:1  | Received a gift from Trog
 23044 | Snake:1  | Gained mutation: You passively map a small area around you. [evolution]
 24028 | Swamp:1  | Entered Level 1 of the Swamp
 24675 | Swamp:1  | Paralysed by a hornet for 3 turns
 24825 | Swamp:1  | Received a gift from Trog
 24854 | Swamp:1  | Got an iridescent battleaxe {god gift}
 24855 | Swamp:1  | Identified the +5 battleaxe of the Hall of Blades {drain, +Rage Int+4 Dex-4 Stlth+} (Trog gifted it to you on level 1 of the Swamp)
 25830 | Swamp:2  | Reached XP level 16. HP: 66/152 MP: 5/15
 26860 | Swamp:2  | Received a gift from Trog
 26868 | Swamp:2  | Got a twisted battleaxe {god gift}
 26869 | Swamp:2  | Identified the +5 battleaxe "Kesiv" {protect, Dex+3} (Trog gifted it to you on level 2 of the Swamp)
 27892 | Swamp:4  | Entered Level 4 of the Swamp
 28096 | Swamp:4  | Received a gift from Trog
 28102 | Swamp:4  | Noticed a thorn hunter
 28108 | Swamp:4  | Killed a thorn hunter
 28207 | Swamp:4  | Got a coiled iron ring
 28208 | Swamp:4  | Identified the ring of Peace {Wiz *Drain Int+4 Dex+3} (You found it on level 4 of the Swamp)
 28287 | Swamp:4  | Noticed Lifeless's ghost (adept DsGl)
 28300 | Swamp:4  | Killed Lifeless's ghost
 29108 | Swamp:4  | Noticed a bone dragon
 29119 | Swamp:4  | Killed a bone dragon
 29130 | Swamp:4  | Received a gift from Trog
 29571 | Swamp:4  | Got a decaying rune of Zot
 30802 | Vaults:1 | Entered Level 1 of the Vaults
 30949 | Vaults:1 | Reached XP level 17. HP: 141/155 MP: 5/16
 30987 | Vaults:1 | Received a gift from Trog
 32508 | Vaults:1 | Received a gift from Trog
 33523 | Vaults:2 | Received a gift from Trog
 34819 | Vaults:2 | Received a gift from Trog
 35098 | Vaults:2 | Reached XP level 18. HP: 139/173 MP: 5/17
 37616 | Snake:2  | Received a gift from Trog
 37726 | Snake:3  | Gained mutation: You have a pair of large horns on your head. [evolution]
 39088 | Snake:3  | Received a gift from Trog
 40086 | Snake:4  | Entered Level 4 of the Snake Pit
 41022 | Snake:4  | Reached XP level 19. HP: 109/185 MP: 4/18
 41194 | Snake:4  | Received a gift from Trog
 42019 | Snake:4  | Noticed vuev's ghost (adept MiBe)
 42026 | Snake:4  | Killed vuev's ghost
 42026 | Snake:4  | Received a gift from Trog
 42101 | Snake:4  | Got a serpentine rune of Zot
 42866 | Elf:1    | Entered Level 1 of the Elven Halls
 42970 | Elf:1    | Received a gift from Trog
 43270 | Elf:1    | Gained mutation: Your body often deteriorates upon taking damage. [evolution]
 43719 | Elf:1    | Reached skill level 27 in Axes
 43862 | Elf:1    | Received a gift from Trog
 44164 | Elf:2    | Found Ofoditruikim's Food Shop.
 44539 | Elf:2    | Got a fine platinum amulet
 44540 | Elf:2    | Identified the amulet "Ucerphat" {RegenMP rN++ Dex-5 SInv Stlth+} (You acquired it on level 2 of the Elven Halls)
 44756 | Elf:2    | Found a runed gate.
 44757 | Elf:2    | Found a runed gate.
 44760 | Elf:2    | Found a runed gate.
 44980 | Elf:2    | Reached XP level 20. HP: 200/200 MP: 6/19
 45104 | Elf:2    | Received a gift from Trog
 45516 | Elf:3    | Entered Level 3 of the Elven Halls
 45517 | Elf:3    | Found Waotteik's Antique Armour Shoppe.
 45649 | Elf:3    | Noticed Jorgrun
 45656 | Elf:3    | Killed Jorgrun
 46226 | Elf:3    | Received a gift from Trog
 46292 | Elf:3    | Noticed Donald
 46398 | Elf:3    | Killed Donald
 46589 | Elf:3    | Got a scintillating zirconium amulet
 46593 | Elf:3    | Identified the amulet "Weunygan" {rF+ Regen+} (You took it off a deep elf high priest on level 3 of the Elven Halls)
 46857 | Elf:3    | Got a smoking granite ring
 46858 | Elf:3    | Identified the ring "Higeshav" {+Fly rElec MR+ Stlth+} (You took it off a deep elf annihilator on level 3 of the Elven Halls)
 46949 | Elf:3    | Received a gift from Trog
 46956 | Elf:3    | Got a slimy scimitar {slice}
 46957 | Elf:3    | Identified the +9 scimitar of Koaqyrauro {slice, rN+ Int+2 SInv} (You took it off a deep elf death mage on level 3 of the Elven Halls)
 47292 | Elf:3    | Noticed Louise
 47298 | Elf:3    | Killed Louise
 47366 | Elf:3    | Received a gift from Trog
 47942 | Vaults:3 | Noticed Xtahua
 47948 | Vaults:3 | Killed Xtahua
 47951 | Vaults:3 | Reached XP level 21. HP: 214/214 MP: 6/20
 48053 | Vaults:3 | Received a gift from Trog
 48941 | Vaults:3 | Received a gift from Trog
 49185 | Vaults:3 | Found Xyajat's Antique Armour Shoppe.
 49193 | Vaults:3 | Bought a steaming cloak for 256 gold pieces
 49203 | Vaults:3 | Identified the cursed +0 cloak "Neggeoqa" {*Drain +Blink rN+} (You bought it in a shop on level 3 of the Vaults)
 49282 | Vaults:3 | Found a staircase to the Crypt.
 49696 | Vaults:3 | Received a gift from Trog
 50113 | Vaults:4 | Found Bomym's Magic Scroll Shoppe.
 50200 | Vaults:4 | Bought a scroll of magic mapping for 77 gold pieces
 50209 | Vaults:4 | Bought a scroll of brand weapon for 440 gold pieces
 50590 | Vaults:4 | Received a gift from Trog
 51249 | Vaults:4 | Found a gateway to a bazaar.
 51349 | Bazaar   | Entered a bazaar
 51353 | Bazaar   | Found Keri's General Store.
 51361 | Bazaar   | Bought a scroll of acquirement for 832 gold pieces
 51361 | Bazaar   | Found Tyziogee's Gadget Shop.
 51372 | Bazaar   | Found Xunwum's Antique Armour Emporium.
 51383 | Bazaar   | Found Yremanif's Antique Weapon Boutique.
 51391 | Bazaar   | Found Ecvux's Distillery.
 51399 | Bazaar   | Bought a potion of heal wounds for 60 gold pieces
 51399 | Bazaar   | Bought a potion of heal wounds for 60 gold pieces
 51399 | Bazaar   | Bought a potion of haste for 120 gold pieces
 51487 | Vaults:4 | Found Usintofur's Weapon Shoppe.
 51561 | Vaults:5 | Entered Level 5 of the Vaults
 51603 | Vaults:5 | Noticed Boris
 51631 | Vaults:5 | Killed Boris
 51631 | Vaults:5 | Reached XP level 22. HP: 231/231 MP: 7/21
 52074 | Vaults:5 | Received a gift from Trog
 52083 | Vaults:5 | Got a silver rune of Zot
 52503 | Vaults:5 | Reached skill level 27 in Fighting
 52805 | Vaults:5 | Received a gift from Trog
 53090 | Vaults:5 | Found Geaddoed's Food Emporium.
 53090 | Vaults:5 | Found Jyrhur's Distillery.
 53100 | Vaults:5 | Found Poumic's Food Shoppe.
 53101 | Vaults:5 | Bought 2 potions of curing for 72 gold pieces
 53101 | Vaults:5 | Bought a potion of curing for 36 gold pieces
 53101 | Vaults:5 | Bought 2 potions of curing for 72 gold pieces
 53124 | Vaults:5 | Noticed a golden dragon
 53126 | Vaults:5 | Noticed a golden dragon
 53137 | Vaults:5 | Killed a golden dragon
 53144 | Vaults:5 | Noticed Mennas
 53328 | Vaults:5 | Received a gift from Trog
 53351 | Vaults:5 | Reached XP level 23. HP: 78/240 MP: 7/22
 54070 | Vaults:5 | Killed Mennas
 54102 | Vaults:5 | Received a gift from Trog
 54643 | Vaults:5 | Got a faintly humming cloak
 54644 | Vaults:5 | Identified the +0 cloak of Patterns {rC++ rCorr} (You found it on level 5 of the Vaults)
 54666 | Vaults:5 | Noticed an ancient lich
 54680 | Vaults:5 | Killed an ancient lich
 54708 | Vaults:5 | Gained mutation: You have an increased reservoir of magic. (+10% MP) [evolution]
 54769 | Vaults:5 | Found Pezew's Food Emporium.
 54769 | Vaults:5 | Found Raaj's Magic Scroll Boutique.
 54780 | Vaults:5 | Bought a scroll of teleportation for 72 gold pieces
 54780 | Vaults:5 | Bought a scroll of teleportation for 72 gold pieces
 54780 | Vaults:5 | Bought a scroll of teleportation for 72 gold pieces
 54780 | Vaults:5 | Bought a scroll of blinking for 180 gold pieces
 54787 | Vaults:5 | Got a pitted jade ring
 54791 | Vaults:5 | Identified the ring of Insomnia {Fire MR+++ Dex+4 Stlth-} (You found it on level 5 of the Vaults)
 54806 | Vaults:5 | Found Askoydgh's Magic Scroll Shop.
 54810 | Vaults:5 | Bought a scroll of teleportation for 48 gold pieces
 54810 | Vaults:5 | Bought a scroll of teleportation for 48 gold pieces
 54876 | Vaults:5 | Found Docion's Magic Scroll Boutique.
 54876 | Vaults:5 | Found Hiofuisch's Magic Scroll Shoppe.
 54887 | Vaults:5 | Bought a scroll of blinking for 82 gold pieces
 55211 | Crypt:1  | Entered Level 1 of the Crypt
 55360 | Crypt:1  | Received a gift from Trog
 55405 | Crypt:1  | Noticed Sojobo
 55434 | Crypt:1  | Killed Sojobo
 55583 | Crypt:1  | Noticed Jory
 55592 | Crypt:1  | Killed Jory
 56151 | Crypt:1  | Received a gift from Trog
 56176 | Crypt:1  | Found an ancient bone altar of Kikubaaqudgha.
 56479 | Crypt:2  | Noticed Mara
 56499 | Crypt:2  | Killed Mara
 57161 | Crypt:2  | Received a gift from Trog
 57187 | Crypt:3  | Entered Level 3 of the Crypt
 57219 | Crypt:3  | Reached XP level 24. HP: 229/249 MP: 8/24
 57322 | Crypt:3  | Reached skill level 27 in Armour
 57606 | Crypt:3  | Got a pitted lapis lazuli ring
 57611 | Crypt:3  | Identified the ring of Ohacve {Ice Str+2 Dex+4} (You found it on level 3 of the Crypt)
 57867 | Crypt:3  | Found a staircase to the Tomb.
 58294 | Crypt:3  | Received a gift from Trog
 58418 | Crypt:3  | Noticed Saint Roka
 58433 | Crypt:3  | Killed Saint Roka
 58433 | Crypt:3  | Reached skill level 10 in Dodging
 58541 | Crypt:3  | Identified the Collected Works on the Floating Escort
 58804 | Crypt:3  | Found an ancient bone altar of Kikubaaqudgha.
 58804 | Crypt:3  | Noticed an ancient lich
 58817 | Crypt:3  | Received a gift from Trog
 58825 | Crypt:3  | Killed an ancient lich
 58840 | Crypt:3  | Noticed an ancient lich
 58845 | Crypt:3  | Killed an ancient lich
 59625 | Depths:1 | Entered Level 1 of the Depths
 59657 | Depths:1 | Lost mutation: Your body often deteriorates upon taking damage. [evolution]
 59657 | Depths:1 | Lost mutation: You evolve. [end of evolution]
 59671 | Depths:1 | Noticed Nikola
 59683 | Depths:1 | Killed Nikola
 60137 | Depths:1 | Found a gateway to Hell.
 60366 | Depths:1 | Received a gift from Trog
 61256 | Depths:2 | Noticed Dirtsage's ghost (adept FoFi)
 61278 | Depths:2 | Reached skill level 15 in Dodging
 61286 | Depths:2 | Killed Dirtsage's ghost
 61344 | Depths:2 | Found a runed gate.
 61344 | Depths:2 | Found a runed gate.
 61344 | Depths:2 | Found a runed gate.
 61399 | Depths:2 | Found a runed gate.
 61399 | Depths:2 | Found a runed gate.
 61399 | Depths:2 | Found a runed gate.
 61429 | Depths:2 | Reached XP level 25. HP: 257/257 MP: 8/24
 62026 | Depths:3 | Received a gift from Trog
 62376 | Depths:3 | Got a translucent golden ring
 62381 | Depths:3 | Identified the ring of the Present {Fire MR+ Int+2 SInv} (You found it on level 3 of the Depths)
 62577 | Depths:3 | Received a gift from Trog
 62594 | Depths:3 | Found a one-way gate leading to the halls of Pandemonium.
 62916 | Depths:3 | Found Plog's Jewellery Boutique.
 62916 | Depths:3 | Found Lageuzat's Gadget Emporium.
 62917 | Depths:3 | Found Laps's Gadget Emporium.
 63235 | Depths:4 | Found a one-way gate to the infinite horrors of the Abyss.
 63265 | Depths:4 | Received a gift from Trog
 63533 | Depths:4 | Noticed a juggernaut
 63548 | Depths:4 | Killed a juggernaut
 63849 | Depths:4 | Found a gateway to a ziggurat.
 64112 | Depths:4 | Received a gift from Trog
 64412 | Depths:5 | Entered Level 5 of the Depths
 64671 | Depths:5 | Reached XP level 26. HP: 199/266 MP: 8/24
 64677 | Depths:5 | Found a gate to the Realm of Zot.
 64782 | Depths:5 | Received a gift from Trog
 65187 | Depths:5 | Noticed the Enchantress
 65219 | Depths:5 | Killed the Enchantress
 65242 | Depths:5 | Got faerie dragon scales
 65243 | Depths:5 | Identified the +4 faerie dragon scales {rPois rF- rCorr Str+3} (You took it off the Enchantress on level 5 of the Depths)
 66012 | Zot:1    | Entered Level 1 of the Realm of Zot
 66012 | Zot:1    | Noticed Tiamat
 66739 | Zot:1    | Killed Tiamat
 67103 | Zot:1    | Received a gift from Trog
 69516 | Zot:2    | Reached XP level 27. HP: 273/273 MP: 8/24
 69689 | Zot:2    | Received a gift from Trog
 70787 | Zot:3    | Received a gift from Trog
 70996 | Zot:3    | Got a slimy sapphire amulet
 70997 | Zot:3    | Identified the amulet "Xuschanyc" {Harm *Drain Dex+3} (You took it off a red draconian on level 3 of the Realm of Zot)
 71884 | Zot:4    | Reached skill level 27 in Dodging
 71884 | Zot:4    | Reached skill level 1 in Evocations
 72357 | Zot:4    | Received a gift from Trog
 72357 | Zot:4    | Reached skill level 5 in Evocations
 73790 | Zot:4    | Reached skill level 10 in Evocations
 74057 | Zot:4    | Received a gift from Trog
 74516 | Zot:5    | Entered Level 5 of the Realm of Zot
 75196 | Zot:5    | Noticed an orb of fire
 75207 | Zot:5    | Gained mutation: You tend to lose your temper in combat. [an orb of fire]
 75218 | Zot:5    | Killed an orb of fire
 75554 | Zot:5    | Noticed an ancient lich
 75560 | Zot:5    | Noticed an orb of fire
 75567 | Zot:5    | Killed an ancient lich
 75567 | Zot:5    | Received a gift from Trog
 75571 | Zot:5    | Killed an orb of fire
 75974 | Zot:5    | Noticed an orb of fire
 75974 | Zot:5    | Lost mutation: You have a pair of large horns on your head. [an orb of fire]
 75975 | Zot:5    | Gained mutation: You are clumsy. (Dex -2) [an orb of fire]
 75977 | Zot:5    | Lost mutation: You have an increased reservoir of magic. (+10% MP) [an orb of fire]
 75978 | Zot:5    | Lost mutation: You tend to lose your temper in combat. [an orb of fire]
 75999 | Zot:5    | Killed an orb of fire
 76051 | Zot:5    | Reached skill level 15 in Evocations
 76091 | Zot:5    | Received a gift from Trog
 76117 | Zot:5    | Got the Orb of Zot
 76148 | Zot:5    | Noticed Genku the pandemonium lord
 76180 | Zot:5    | Noticed Zueleur the pandemonium lord
 76199 | Zot:4    | HP: 13/273 [Zueleur the pandemonium lord (21)]
 76211 | Zot:4    | Slain by Zueleur the pandemonium lord

Vault maps used:
D:1:      dpeg_arrival_connections
D:2:      uniq_sigmund, uniq_crazy_yiuf_cottage, uniq_jessica, uniq_terence,
          uniq_natasha
D:3:      first_bread
D:4:      minmay_temple_entry_statues_fountains, uniq_grinder
D:5:      serial_shops, shop
D:6:      lemuel_round_altar
D:7:      uniq_prince_ribbit1, uniq_joseph, uniq_menkaure
D:9:      serial_column_ruins, column_ruins_square_medium,
          column_ruins_hut_ruined, column_ruins_grid_3, column_ruins_open_large,
          column_ruins_corridor_plus, column_ruins_open_tiny,
          column_ruins_columns_corner, column_ruins_corridor_straight,
          uniq_erica, uniq_grum
D:10:     david_orc_4, lemuel_oklob_altar
D:11:     grunt_lair_entry_orc_guard_hut, lab_entry_generic
D:12:     serial_shops, kennysheep_mini
D:13:     the_bakery, minmay_lizard_king
D:14:     erik_vaults_2
D:15:     grunt_enter_depths_snipers, nicolae_tso_carved_into_rock, tgw_sif
Lair:2:   minmay_swamp_entry_swarm, grunt_megastairs_2
Lair:4:   minmay_snake_entry_six_corridors
Lair:5:   serial_bayou_shore_a, grunt_megastairs_4, uniq_nessos, uniq_snorg
Lair:6:   grunt_lair_end_beastmaster, slime_altar_2, grunt_megastairs_3,
          serial_bayou_shore_b, serial_bayou_shore_b
Swamp:1:  serial_swamp_ruin, hangedman_swamp_ruin_wall,
          evilmike_swamp_ruin_rubble_2, evilmike_swamp_ruin_house_4
Swamp:2:  evilmike_swamp_ruin_house_2
Swamp:3:  evilmike_swamp_ruin_house_3, swamp_pool3
Swamp:4:  swamp_pestilence, swamp_pool2
Snake:4:  snake_pit_salamanders_mu, serial_bayou_shore_b
Orc:1:    serial_shops, nicolae_shop_stone, minmay_orc_barracks
Orc:2:    grunt_orc_tribal_feast, mines4_lemuel
Elf:1:    minmay_elf_demonology, small_chamber_with_monster, abandoned_shop
Elf:2:    serial_shops, shop
Elf:3:    grunt_elf_hall_branching, serial_shops, nicolae_shop_stone,
          minivault_14, elf_orc_summit_meeting, uniq_jorgrun, uniq_louise,
          uniq_donald
Vaults:1: v_misc_2, vaults_standard_mumra_lines,
          nicolae_vaults_little_squares_3, vaults_room_pools, v_alt_pattern_6,
          hangedman_vaults_maws, vaults_room_semicircle, vaults_standard_mumra_x
Vaults:2: vaults_room_grunt_arrival_checkpoint, v_misc_9,
          ontoclasm_vaults_twist, v_misc_18, v_misc_23, grunt_vaults_funnel,
          nicolae_vaults_circle_grid_b, vaults_dpeg_cross,
          ontoclasm_vaults_gateway, ontoclasm_vaults_eye,
          vaults_room_semicircle, vaults_room_ringed_pool,
          nicolae_vaults_shelves_hall, vaults_room_fancy_cross
Vaults:3: hangedman_vaults_impose, vaults_room_octagon,
          minmay_crypt_entry_simple_statues, hangedman_vaults_locks, v_rooms_2,
          v_misc_18, st_cross, v_pattern_3, v_misc_22, vaults_room_fours,
          nicolae_vaults_little_ls, nicolae_vaults_little_squares_1,
          nicolae_vaults_theta, hangedman_vaults_maws, serial_shops,
          nicolae_shop_stone, uniq_xtahua
Vaults:4: hangedman_vaults_restitches, nicolae_vaults_ring_of_whatevers,
          nicolae_vaults_little_squares_1, v_misc_16,
          vaults_room_stairs_pillars, nicolae_vaults_network_s,
          hangedman_vaults_variations, nicolae_vaults_diagonal_hallway_8,
          v_misc_25, nicolae_vaults_little_squares_2, v_misc_15,
          hangedman_vaults_capsules, vaults_room_hangedman_quadrants, v_misc_8,
          hangedman_vaults_trim, serial_shops, bzr_entry_water, shop_scrolls,
          shop
Vaults:5: serial_shops, uniq_boris, uniq_mennas
Crypt:1:  lemuel_mausoleum_altar_kikubaaqudgha, uniq_sojobo, uniq_jory
Crypt:2:  nicolae_crypt_stairs_room, uniq_mara
Crypt:3:  quadcrypt_mu, uniq_saint_roka
Depths:1: pf_dread_powers_of_hell, hangedman_abyss_or_decor_stagger,
          kennysheep_cross_bottleneck, minmay_misc_feat_diagonals,
          corexii_corridor_pit, minmay_liquid_box, uniq_nikola
Depths:2: kennysheep_treasure_stockpile, minivault_11, hell_entry,
          kennysheep_generic_room_7, basic_stair_grate_trap,
          minmay_staircase_statues
Depths:3: cheibrodos_poisonous_passages, hell_entry, grunt_pan_entry_in_and_out,
          basic_stair_grate_trap, minmay_staircase_statues_hall_small,
          minmay_shop_grove
Depths:4: minmay_glassy_protrusions, enter_ziggurat_a, lightli_too_deep,
          abyss_entry, kennysheep_random_hallway, infiniplex_staircase_zigzag_1,
          serial_bayou_shore_b
Depths:5: grunt_crosshair, hangedman_decor_growths, abyss_entry, hell_entry,
          grunt_pan_entry_spiral, uniq_enchantress
Zot:1:    uniq_tiamat
Zot:4:    grunt_deathspiral_small, st_single_dragon_hoard_2,
          hangedman_snake_sidewinding
Zot:5:    basic_stair_grate_trap
Lab:      nicolae_lab_do_over, nicolae_lab_diamond, nicolae_lab_plus,
          lab_fountain, nicolae_lab_garden, labyrinth_skeletal_remains
Bazaar:   bazaar_lake

Skill      XL: |  1  2  3  4  5  6  7  8  9 10 11 12 13 14 15 16 17 18 19 20 21 22 23 24 25 26 27 |
---------------+----------------------------------------------------------------------------------+-----
Axes           | 4 5 6 7 8 11 12 14 16 17 18 20 22 23 25 26 27 | 27.0
Fighting       | 4 5 6 7 8 9 11 12 13 14 16 17 18 20 21 24 26 27 | 27.0
Armour         | 3 4 6 8 9 11 13 15 16 17 18 19 20 21 23 26 27 | 27.0
Dodging        | 3 4 5 6 15 20 24 27 | 27.0
Evocations     | 15 | 15.7

Action                   |  1- 3 |  4- 6 |  7- 9 | 10-12 | 13-15 | 16-18 | 19-21 | 22-24 | 25-27 || total
-------------------------+-------+-------+-------+-------+-------+-------+-------+-------+-------++-------
Melee: Hand axe          |    53 |   111 |    69 |       |       |       |       |       |       ||   233
       Headbutt          |    10 |    15 |    58 |   120 |   272 |   427 |   335 |   455 |   594 ||  2286
       War axe           |       |       |   195 |   229 |       |       |       |       |       ||   424
       Broad axe         |       |       |       |   316 |   281 |       |       |       |       ||   597
       Executioner's axe |       |       |       |       |   622 |  1270 |  1098 |  1300 |  1738 ||  6028
Throw: Javelin           |       |       |    14 |    10 |     5 |       |     2 |     5 |       ||    36
Invok: Berserk           |     3 |     5 |     6 |    11 |    16 |    13 |    10 |     7 |    10 ||    81
       Burn Spellbooks   |       |       |     1 |     4 |     3 |       |     6 |     4 |     2 ||    20
       Brothers in Arms  |       |       |       |     4 |     1 |     6 |     7 |     5 |     3 ||    26
       Trog's Hand       |       |       |       |     1 |     3 |     2 |     2 |     1 |       ||     9
 Abil: Evoke Blink       |       |       |       |       |       |       |       |       |     5 ||     5
Evoke: Wand              |       |       |     5 |    18 |    20 |    11 |     6 |     4 |     3 ||    67
  Use: Scroll            |       |     2 |     7 |    12 |     3 |     5 |    27 |    16 |    10 ||    82
       Potion            |       |       |     6 |     2 |    10 |     4 |     3 |     4 |    14 ||    43
 Stab: Paralysed         |       |       |       |     9 |       |       |       |       |       ||     9
       Distracted        |       |       |       |       |       |     1 |     2 |       |     2 ||     5
       Invisible         |       |       |       |       |       |       |       |    16 |       ||    16
  Eat: Chunk             |     1 |     9 |    15 |    43 |    32 |    33 |    29 |    25 |    33 ||   220
       Fruit             |       |     1 |       |       |     6 |     2 |     6 |     9 |       ||    24
       Bread ration      |       |       |       |     3 |     4 |     7 |     2 |     1 |     6 ||    23
       Meat ration       |       |       |       |       |       |       |       |     1 |       ||     1
Armor: Animal skin       |     6 |       |       |       |       |       |       |       |       ||     6
       Scale mail        |       |    37 |    44 |       |       |       |       |       |       ||    81
       Plate armour      |       |       |    96 |   363 |   628 |   831 |   184 |       |       ||  2102
       Crystal plate arm |       |       |       |       |       |       |   509 |   716 |   730 ||  1955
Dodge: Dodged            |    27 |    56 |   126 |   208 |   396 |   588 |   330 |   583 |  1693 ||  4007
